| TOP OF THE 1ST |
|
Scranton WB RailRiders batting - Pitching for Durham Bulls : RHP Erik Sever
|
|
Pitching: RHP Erik Sever
|
|
|
Batting: RHB Fernando Cruz
|
0-0: Ball 1-0: Foul Ball, location: 2F 1-1: SINGLE (Groundball, 34D, EV 96.3 MPH)
|
|
Batting: LHB Nate Ciccarelli
|
0-0: Called Strike Fernando Cruz steals 2nd base 0-1: Ball 1-1: DOUBLE (Line Drive, 9LS, EV 115.0 MPH) Fernando Cruz scores
|
|
Batting: SHB Jerry Tuckfard
|
0-0: Ball 1-0: SINGLE (Line Drive, 8LS, EV 93.1 MPH) Nate Ciccarelli to third Runner from 3rd tries for Home, throw by CF and OUT! 8-2
|
|
Batting: RHB Alejandro Moreno
|
0-0: Ball 1-0: Swinging Strike 1-1: SINGLE (Groundball, 34D, EV 111.3 MPH) Jerry Tuckfard to second Runner from 2nd tries for 3rd, SAFE, throw by RF made to third
|
|
Batting: RHB Mike Meckler
|
0-0: Called Strike 0-1: Foul Ball, location: 2F 0-2: Ground out 3-1 (Groundball, 13, EV 85.0 MPH) Jerry Tuckfard scores Alejandro Moreno to second
|
|
Batting: LHB Aaron Caron
|
0-0: Ball 1-0: Called Strike 1-1: Ball 2-1: Fly out, F7 (Flyball, 7LM, EV 102.5 MPH)
|
| Top of the 1st over - 2 runs, 4 hits, 0 errors, 1 left on base; Scranton WB 2 - Durham 0 |
| BOTTOM OF THE 1ST |
|
Durham Bulls batting - Pitching for Scranton WB RailRiders : LHP Zach Purvis
|
|
Pitching: LHP Zach Purvis
|
|
|
Batting: SHB Jesus Ayala
|
0-0: Called Strike 0-1: SINGLE (Groundball, 6D, EV 107.5 MPH)
|
|
Batting: LHB Ben Ramirez
|
0-0: Ball 1-0: Ball 2-0: Ball 3-0: Base on Balls Jesus Ayala to second
|
|
Batting: RHB Omar Contreras
|
0-0: Called Strike 0-1: Ball Jesus Ayala is caught stealing 3rd base 2-5 Ben Ramirez to second 1-1: Reached on error, E3 (Groundball, 3S, EV 86.3 MPH) Ben Ramirez to third
|
|
Batting: RHB Andy Chess
|
0-0: Ball 1-0: Called Strike 1-1: Fly out, F8 (Flyball, 89D, EV 100.0 MPH) Runner from 3rd tags up, SCORES, throw by CF
|
|
Batting: RHB Nate Carrell
|
0-0: Called Strike 0-1: Ball 1-1: Ball 2-1: Ball 3-1: Foul Ball, location: 2F 3-2: Fly out, F7 (Flyball, 7LS, EV 86.3 MPH)
|
| Bottom of the 1st over - 1 run, 1 hit, 1 error, 1 left on base; Scranton WB 2 - Durham 1 |
| TOP OF THE 2ND |
|
Scranton WB RailRiders batting - Pitching for Durham Bulls : RHP Erik Sever
|
|
Batting: RHB Dusty Thompson
|
0-0: Called Strike 0-1: Ball 1-1: Foul Ball, location: 2F 1-2: Foul Ball, location: 2F 1-2: TRIPLE (Groundball, 5L, EV 105.6 MPH)
|
|
Batting: SHB Pete Pietraszek
|
0-0: SINGLE (Groundball, 4, EV 98.1 MPH) Dusty Thompson scores
|
|
Batting: RHB Ivan Fernandez
|
0-0: Ball 1-0: Ball 2-0: Called Strike 2-1: Ball 3-1: Foul Ball, location: 2F 3-2: Foul Ball, location: 2F 3-2: Base on Balls Pete Pietraszek to second
|
|
Batting: RHB Fernando Cruz
|
0-0: Ball 1-0: Fly out, F6 (Popup, P, EV 74.4 MPH)
|
|
Batting: LHB Nate Ciccarelli
|
0-0: Ground out 4-3 (Groundball, 4MS, EV 78.1 MPH) Pete Pietraszek to third Ivan Fernandez to second
|
|
Batting: SHB Jerry Tuckfard
|
0-0: Called Strike 0-1: Ball 1-1: Hit by Pitch
|
|
Batting: RHB Alejandro Moreno
|
0-0: Ball 1-0: Ball 2-0: Ball 3-0: Foul Ball, location: 2F 3-1: Called Strike 3-2: Foul Ball, location: 2F 3-2: Ground out 6-3 (Groundball, 6, EV 99.4 MPH)
|
| Top of the 2nd over - 1 run, 2 hits, 0 errors, 3 left on base; Scranton WB 3 - Durham 1 |
| BOTTOM OF THE 2ND |
|
Durham Bulls batting - Pitching for Scranton WB RailRiders : LHP Zach Purvis
|
|
Batting: RHB Eisse Van Halen
|
0-0: Called Strike 0-1: Foul Ball, location: 2F 0-2: Ball 1-2: Strikes out looking
|
|
Batting: RHB Guadalupe Villanueva
|
0-0: Called Strike 0-1: Called Strike 0-2: Ball 1-2: Foul Ball, location: 2F 1-2: Ball 2-2: Strikes out swinging
|
|
Batting: RHB Matt Fabre
|
0-0: Ball 1-0: Ball 2-0: Ball 3-0: Base on Balls
|
|
Batting: RHB Matt Jones
|
0-0: Fly out, F9 (Flyball, 9LS, EV 88.8 MPH)
|
| Bottom of the 2nd over - 0 runs, 0 hits, 0 errors, 1 left on base; Scranton WB 3 - Durham 1 |
| TOP OF THE 3RD |
|
Scranton WB RailRiders batting - Pitching for Durham Bulls : RHP Erik Sever
|
|
Batting: RHB Mike Meckler
|
0-0: Ball 1-0: Fly out, F8 (Flyball, 8LXD, EV 89.4 MPH)
|
|
Batting: LHB Aaron Caron
|
0-0: SINGLE (Line Drive, 89S, EV 93.8 MPH)
|
|
Batting: RHB Dusty Thompson
|
0-0: Ball 1-0: Ball 2-0: Ball 3-0: Called Strike 3-1: Base on Balls Aaron Caron to second
|
|
Batting: SHB Pete Pietraszek
|
0-0: Fielders Choice at 2nd, 3-6 (Groundball, 34D, EV 88.8 MPH) Aaron Caron to third
|
|
Batting: RHB Ivan Fernandez
|
0-0: 3-RUN HOME RUN (Flyball, 7LD, EV 103.1 MPH), Distance : 363 ft
|
|
Batting: RHB Fernando Cruz
|
0-0: Ball 1-0: Called Strike 1-1: Foul Ball, location: 2F 1-2: Foul Ball, location: 2F 1-2: Ball 2-2: SINGLE (Groundball, 6MD, EV 108.1 MPH)
|
|
Pitching: RHP Gianmaria Liguori
|
|
|
Batting: LHB Nate Ciccarelli
|
0-0: Called Strike 0-1: Called Strike 0-2: Foul Ball, location: 2F 0-2: Foul Ball, location: 2F 0-2: Foul Ball, location: 2F 0-2: Foul Ball, location: 2F 0-2: Fly out, F8 (Flyball, 8RXD, EV 73.8 MPH)
|
| Top of the 3rd over - 3 runs, 3 hits, 0 errors, 1 left on base; Scranton WB 6 - Durham 1 |
| BOTTOM OF THE 3RD |
|
Durham Bulls batting - Pitching for Scranton WB RailRiders : LHP Zach Purvis
|
|
Batting: SHB Jesus Ayala
|
0-0: Called Strike 0-1: Swinging Strike 0-2: Strikes out swinging
|
|
Batting: LHB Ben Ramirez
|
0-0: Ball 1-0: Swinging Strike 1-1: Foul Ball, location: 2F 1-2: Ball 2-2: Foul Ball, location: 2F 2-2: Ball 3-2: Ground out 1-3 (Groundball, 34S, EV 71.9 MPH)
|
|
Batting: RHB Omar Contreras
|
0-0: Ball 1-0: Foul Ball, location: 2F 1-1: Foul Ball, location: 2F 1-2: Foul Ball, location: 2F 1-2: Foul Ball, location: 2F 1-2: Foul Ball, location: 2F 1-2: Ball 2-2: SINGLE (Line Drive, 7S, EV 99.4 MPH)
|
|
Batting: RHB Andy Chess
|
0-0: Ball Omar Contreras is caught stealing 2nd base 2-4
|
| Bottom of the 3rd over - 0 runs, 1 hit, 0 errors, 0 left on base; Scranton WB 6 - Durham 1 |
| TOP OF THE 4TH |
|
Scranton WB RailRiders batting - Pitching for Durham Bulls : RHP Gianmaria Liguori
|
|
Batting: SHB Jerry Tuckfard
|
0-0: Called Strike 0-1: Ball 1-1: Called Strike 1-2: Strikes out swinging
|
|
Batting: RHB Alejandro Moreno
|
0-0: Foul Ball, location: 2F 0-1: Called Strike 0-2: Ball 1-2: Ball 2-2: Foul Ball, location: 2F 2-2: Strikes out swinging
|
|
Batting: RHB Mike Meckler
|
0-0: Called Strike 0-1: Ground out 6-3 (Groundball, 6, EV 86.3 MPH)
|
| Top of the 4th over - 0 runs, 0 hits, 0 errors, 0 left on base; Scranton WB 6 - Durham 1 |
| BOTTOM OF THE 4TH |
|
Durham Bulls batting - Pitching for Scranton WB RailRiders : LHP Zach Purvis
|
|
Batting: RHB Andy Chess
|
0-0: Called Strike 0-1: Foul Ball, location: 2F 0-2: Strikes out swinging
|
|
Batting: RHB Nate Carrell
|
0-0: Foul Ball, location: 2F 0-1: Reached on error, E6 (Groundball, 6MS, EV 84.4 MPH)
|
|
Batting: RHB Eisse Van Halen
|
0-0: Ball 1-0: Foul Ball, location: 2F 1-1: Foul Ball, location: 2F 1-2: Foul Ball, location: 2F 1-2: Ball 2-2: Strikes out swinging
|
|
Batting: RHB Guadalupe Villanueva
|
0-0: Fly out, F8 (Line Drive, 8RD, EV 84.4 MPH)
|
| Bottom of the 4th over - 0 runs, 0 hits, 1 error, 1 left on base; Scranton WB 6 - Durham 1 |
| TOP OF THE 5TH |
|
Scranton WB RailRiders batting - Pitching for Durham Bulls : RHP Gianmaria Liguori
|
|
Batting: LHB Aaron Caron
|
0-0: DOUBLE (Line Drive, 9LS, EV 101.3 MPH)
|
|
Batting: RHB Dusty Thompson
|
0-0: Ball 1-0: Ball 2-0: Foul Ball, location: 2F 2-1: Foul Ball, location: 2F 2-2: Strikes out swinging
|
|
Batting: SHB Pete Pietraszek
|
0-0: Ball 1-0: Swinging Strike 1-1: Foul Ball, location: 2F 1-2: Ball 2-2: Ball 3-2: Base on Balls
|
|
Batting: RHB Ivan Fernandez
|
0-0: Called Strike 0-1: Ball 1-1: Called Strike 1-2: Fielders Choice at 2nd, 5-4 (Groundball, 56, EV 88.1 MPH) Aaron Caron to third
|
|
Batting: RHB Fernando Cruz
|
0-0: Ball 1-0: Ball 2-0: Ball 3-0: Base on Balls Ivan Fernandez to second
|
|
Batting: LHB Nate Ciccarelli
|
0-0: Ball 1-0: SINGLE (Groundball, 6D, EV 111.3 MPH) Aaron Caron scores Ivan Fernandez to third Fernando Cruz to second Runner from 3rd tries for Home, SAFE, throw by CF to home
|
|
Batting: SHB Jerry Tuckfard
|
0-0: Hit by Pitch Fernando Cruz to third Nate Ciccarelli to second
|
|
Batting: RHB Alejandro Moreno
|
0-0: Ball 1-0: Called Strike 1-1: Ground out U3 (Groundball, 3, EV 79.4 MPH)
|
| Top of the 5th over - 2 runs, 2 hits, 0 errors, 3 left on base; Scranton WB 8 - Durham 1 |
| BOTTOM OF THE 5TH |
|
Durham Bulls batting - Pitching for Scranton WB RailRiders : LHP Zach Purvis
|
|
Batting: RHB Matt Fabre
|
0-0: Ball 1-0: Ball 2-0: Called Strike 2-1: Called Strike 2-2: Strikes out swinging
|
|
Batting: RHB Matt Jones
|
0-0: Ball 1-0: Called Strike 1-1: Ball 2-1: Swinging Strike 2-2: SINGLE (Flyball, 34D, EV 91.9 MPH)
|
|
Pitching: RHP Dan Flores
|
|
|
Batting: SHB Jesus Ayala
|
0-0: Called Strike 0-1: Ball 1-1: Ball 2-1: Called Strike Matt Jones steals 2nd base (no throw) 2-2: Foul Ball, location: 2F 2-2: Ground out 4-3 (Groundball, 34, EV 108.1 MPH) Matt Jones to third
|
|
Batting: LHB Ben Ramirez
|
0-0: Called Strike 0-1: Foul Ball, location: 2F 0-2: Ball 1-2: Foul Ball, location: 2F 1-2: Ball 2-2: Foul Ball, location: 2F 2-2: Foul Ball, location: 2F 2-2: Foul Ball, location: 2F 2-2: Ball 3-2: Foul Ball, location: 2F 3-2: Base on Balls
|
|
Batting: RHB Omar Contreras
|
0-0: Ball 1-0: Ball 2-0: Called Strike 2-1: Foul Ball, location: 2F 2-2: Foul Ball, location: 2F 2-2: DOUBLE (Groundball, 5L, EV 101.3 MPH) Matt Jones scores Ben Ramirez to third Runner from 3rd tries for Home, SAFE, throw by LF to home
|
|
Batting: RHB Andy Chess
|
0-0: Called Strike 0-1: Foul Ball, location: 2F 0-2: Ball 1-2: Ball 2-2: Foul Ball, location: 2F 2-2: Ball 3-2: SINGLE (Line Drive, 7LS, EV 111.3 MPH) Omar Contreras to third Omar Contreras scores
|
|
Batting: RHB Nate Carrell
|
0-0: Called Strike 0-1: Fly out, F7 (Flyball, 7D, EV 101.3 MPH)
|
| Bottom of the 5th over - 3 runs, 3 hits, 0 errors, 1 left on base; Scranton WB 8 - Durham 4 |
| TOP OF THE 6TH |
|
Scranton WB RailRiders batting - Pitching for Durham Bulls : RHP Gianmaria Liguori
|
|
Pitching: LHP Rich Chatham
|
|
|
Batting: RHB Mike Meckler
|
0-0: Called Strike 0-1: Fly out, F6 (Line Drive, 6, EV 68.8 MPH)
|
|
Batting: LHB Aaron Caron
|
0-0: Foul Ball, location: 2F 0-1: Fly out, F5 (Popup, 56, EV 62.5 MPH)
|
|
Batting: RHB Dusty Thompson
|
0-0: Called Strike 0-1: Called Strike 0-2: Fly out, F4 (Popup, 3S, EV 88.1 MPH)
|
| Top of the 6th over - 0 runs, 0 hits, 0 errors, 0 left on base; Scranton WB 8 - Durham 4 |
| BOTTOM OF THE 6TH |
|
Durham Bulls batting - Pitching for Scranton WB RailRiders : RHP Dan Flores
|
|
Batting: RHB Eisse Van Halen
|
0-0: Foul Ball, location: 2F 0-1: Called Strike 0-2: Ground out U3 (Groundball, 34S, EV 82.5 MPH)
|
|
Batting: RHB Guadalupe Villanueva
|
0-0: Called Strike 0-1: Ground out 4-3 (Groundball, 4, EV 100.0 MPH)
|
|
Batting: RHB Matt Fabre
|
0-0: Ball 1-0: Foul Ball, location: 2F 1-1: Ball 2-1: Fly out, F9 (Line Drive, 9, EV 96.9 MPH)
|
| Bottom of the 6th over - 0 runs, 0 hits, 0 errors, 0 left on base; Scranton WB 8 - Durham 4 |
| TOP OF THE 7TH |
|
Scranton WB RailRiders batting - Pitching for Durham Bulls : LHP Rich Chatham
|
|
Batting: SHB Pete Pietraszek
|
0-0: Called Strike 0-1: Called Strike 0-2: Strikes out looking
|
|
Batting: RHB Ivan Fernandez
|
0-0: Ball 1-0: Foul Ball, location: 2F 1-1: Ball 2-1: Ball 3-1: Base on Balls
|
|
Batting: RHB Fernando Cruz
|
0-0: Ball 1-0: Foul Ball, location: 2F 1-1: Ball 2-1: Ball 3-1: Base on Balls Ivan Fernandez to second
|
|
Batting: LHB Nate Ciccarelli
|
0-0: Called Strike Ivan Fernandez steals 3rd base Fernando Cruz to second 0-1: Called Strike 0-2: Ball 1-2: Fly out, F8 (Flyball, 78D, EV 95.0 MPH) Runner from 3rd tags up, OUT at HOME! 8-2
|
| Top of the 7th over - 0 runs, 0 hits, 0 errors, 1 left on base; Scranton WB 8 - Durham 4 |
| BOTTOM OF THE 7TH |
|
Durham Bulls batting - Pitching for Scranton WB RailRiders : RHP Dan Flores
|
|
Pitching: RHP Brian Patzlaff
|
|
|
Batting: RHB Matt Jones
|
0-0: Ball 1-0: Ball 2-0: Ball 3-0: Base on Balls
|
|
Batting: SHB Jesus Ayala
|
0-0: Bunt missed! 0-1: Bunted foul 0-2: Ball 1-2: Strikes out swinging
|
|
Batting: LHB Ben Ramirez
|
0-0: Ball 1-0: Ball 2-0: Ball 3-0: Called Strike 3-1: Fielders Choice at 2nd, 6-4 (Groundball, 6, EV 93.8 MPH)
|
|
Batting: RHB Omar Contreras
|
0-0: Ground out 5-3 (Groundball, 56S, EV 81.9 MPH)
|
| Bottom of the 7th over - 0 runs, 0 hits, 0 errors, 1 left on base; Scranton WB 8 - Durham 4 |
| TOP OF THE 8TH |
|
Scranton WB RailRiders batting - Pitching for Durham Bulls : LHP Rich Chatham
|
|
Pitching: RHP Dave Alfonso
|
|
|
Batting: SHB Jerry Tuckfard
|
0-0: Swinging Strike 0-1: Foul Ball, location: 2F 0-2: Ball 1-2: Hit by Pitch
|
|
Batting: RHB Alejandro Moreno
|
0-0: Fly out, F2 (Popup, 15S, EV 85.0 MPH)
|
|
Batting: RHB Mike Meckler
|
0-0: Ball 1-0: Swinging Strike 1-1: SINGLE (Groundball, 13S, EV 67.5 MPH) (infield hit) Jerry Tuckfard to second
|
|
Batting: LHB Aaron Caron
|
0-0: Called Strike Jerry Tuckfard steals 3rd, throwing error, E2 Jerry Tuckfard scores Mike Meckler to third 0-1: Ball 1-1: Called Strike 1-2: Foul Ball, location: 2F 1-2: Ball 2-2: Ball 3-2: Strikes out swinging
|
|
Batting: RHB Dusty Thompson
|
0-0: Called Strike 0-1: Foul Ball, location: 2F 0-2: Foul Ball, location: 2F 0-2: Ball 1-2: Ball 2-2: Foul Ball, location: 2F 2-2: Ball 3-2: Foul Ball, location: 2F 3-2: Base on Balls
|
|
Batting: SHB Pete Pietraszek
|
0-0: Called Strike 0-1: Fly out, F5 (Popup, 15, EV 78.1 MPH)
|
| Top of the 8th over - 1 run, 1 hit, 1 error, 2 left on base; Scranton WB 9 - Durham 4 |
| BOTTOM OF THE 8TH |
|
Durham Bulls batting - Pitching for Scranton WB RailRiders : RHP Brian Patzlaff
|
|
Batting: RHB Andy Chess
|
0-0: Called Strike 0-1: Swinging Strike 0-2: Ball 1-2: Ball 2-2: SOLO HOME RUN (Flyball, 78XD, EV 103.8 MPH), Distance : 401 ft
|
|
Batting: RHB Nate Carrell
|
0-0: Ball 1-0: Ground out 6-3 (Groundball, 6, EV 106.9 MPH)
|
|
Batting: RHB Eisse Van Halen
|
0-0: Foul Ball, location: 2F 0-1: Ground out 4-3 (Groundball, 4, EV 86.3 MPH)
|
|
Batting: RHB Guadalupe Villanueva
|
0-0: Ball 1-0: Called Strike 1-1: Ball 2-1: Ground out 6-3 (Groundball, 6, EV 106.3 MPH)
|
| Bottom of the 8th over - 1 run, 1 hit, 0 errors, 0 left on base; Scranton WB 9 - Durham 5 |
| TOP OF THE 9TH |
|
Scranton WB RailRiders batting - Pitching for Durham Bulls : RHP Dave Alfonso
|
|
Pitching: LHP David Sedillo
|
|
|
Batting: RHB Ivan Fernandez
|
0-0: Foul Ball, location: 2F 0-1: Ball 1-1: Swinging Strike 1-2: Ball 2-2: Strikes out swinging
|
|
Batting: RHB Fernando Cruz
|
0-0: Called Strike 0-1: Reached via error on a dropped throw from 1B, E1 (Groundball, 13, EV 87.5 MPH)
|
|
Batting: LHB Nate Ciccarelli
|
0-0: Ball Wild Pitch! Fernando Cruz to second 1-0: Ball 2-0: Called Strike 2-1: Called Strike 2-2: Ground out 6-3 (Groundball, 6, EV 81.9 MPH) Fernando Cruz to third
|
|
Batting: SHB Jerry Tuckfard
|
0-0: Ball Wild Pitch! Fernando Cruz scores 1-0: Called Strike 1-1: Foul Ball, location: 2F 1-2: Ball 2-2: Ground out 6-3 (Groundball, 6, EV 80.0 MPH)
|
| Top of the 9th over - 1 run, 0 hits, 1 error, 0 left on base; Scranton WB 10 - Durham 5 |
| BOTTOM OF THE 9TH |
|
Durham Bulls batting - Pitching for Scranton WB RailRiders : RHP Brian Patzlaff
|
|
Batting: RHB Matt Fabre
|
0-0: Ball 1-0: Swinging Strike 1-1: Ball 2-1: Ball 3-1: Ground out 5-3 (Groundball, 56, EV 97.5 MPH)
|
|
Batting: RHB Matt Jones
|
0-0: Ground out 4-3 (Groundball, 4, EV 104.4 MPH)
|
|
Batting: SHB Jesus Ayala
|
0-0: SOLO HOME RUN (Flyball, 9D, EV 95.6 MPH), Distance : 380 ft
|
|
Batting: LHB Ben Ramirez
|
0-0: Called Strike 0-1: Foul Ball, location: 2F 0-2: Foul Ball, location: 2F 0-2: Foul Ball, location: 2F 0-2: Foul Ball, location: 2F 0-2: Ball 1-2: Ground out 5-3 (Groundball, 56S, EV 91.3 MPH)
|
| Bottom of the 9th over - 1 run, 1 hit, 0 errors, 0 left on base; Scranton WB 10 - Durham 6 |
|